 Seeded DCSS version 0.28-a0-1567-g1695149f81 (webtiles) character file.

Game seed: 862 (custom seed)

998 knot the Cleaver (level 8, 83/87 HPs)
             Began as a Demonspawn Berserker on Jan 20, 2022.
             Was a Believer of Trog.
             Quit the game on level 5 of the Dungeon.
             The game lasted 00:04:54 (6392 turns).

knot the Cleaver (Demonspawn Berserker)             Turns: 6392, Time: 00:04:55

Health: 83/87      AC:  6    Str: 18    XL:     8   Next: 0%
Magic:  8/8        EV: 12    Int: 10    God:    Trog [**....]
Gold:   518        SH:  0    Dex: 13    Spells: 7/7 levels left

rFire   . . .      SeeInvis .   a - +0 hand axe
rCold   . . .      Faith    .   (no shield)
rNeg    . . .      Spirit   .   b - +1 animal skin
rPois   .          Reflect  .   (helmet restricted)
rElec   .          Harm     .   (no cloak)
rCorr   .          Rampage  .   p - +0 pair of gloves
Will    .....                   (no boots)
Stlth   ..........              (no amulet)
HPRegen 2.24/turn               (no ring)
MPRegen 0.22/turn               (no ring)

@: berserking, very quick
A: antennae 2, slimy green scales 1, powered by death 2, magic regeneration
a: Renounce Religion, Berserk, Trog's Hand


You were on level 5 of the Dungeon.
You worshipped Trog.
Trog was pleased with you.
You visited 1 branch of the dungeon, and saw 5 of its levels.
You also visited: Ossuary.

You collected 518 gold pieces.

Inventory:

Hand Weapons
 a - a +0 hand axe (weapon)
Missiles
 d - 8 poisoned darts
 e - 15 sling bullets
 h - 93 stones
 m - 11 boomerangs (quivered)
 n - a throwing net
Armour
 b - a +1 animal skin (worn)
 p - a +0 pair of gloves (worn)
Jewellery
 l - a ring of fire
Wands
 q - a wand of iceblast (6)
Scrolls
 f - 2 scrolls of identify
 i - 2 scrolls of teleportation {unknown}
 s - a scroll of amnesia {unknown}
Potions
 c - a potion of might {unknown}
 g - a potion of curing {unknown}
 j - a potion of brilliance {unknown}
 k - a potion of berserk rage
 o - a potion of magic {unknown}
 r - a potion of flight {unknown}


   Skills:
 - Level 3.0 Fighting
 + Level 8.9 Axes
 - Level 1.7 Armour
 - Level 1.7 Dodging


You had 7 spell levels left.
You didn't know any spells.
Your spell library contained the following spells:

 Spells                   Type           Power      Damage    Failure   Level
 Magic Dart               Conj           0%         1d3       36%         1
 Searing Ray              Conj           0%         2d4       50%         2
 Fulminant Prism          Conj/Hex       0%         3d6       98%         4


Dungeon Overview and Level Annotations

Branches:
Dungeon (5/15)             Temple (0/1) D:5         Ossuary (visited)

Altars:
Hepliaklqana
Kikubaaqudgha
Yredelemnul


Innate Abilities, Weirdness & Mutations

You have a pair of antennae on your head.
You are partially covered in slimy green scales. (AC +2)
You regenerate health from kills.
You regenerate magic rapidly.


Message History

The centaur skeleton is lightly damaged.
Throw: 11 boomerangs
Press: ? - help, Q - select action, (/) - cycle Shift-Dir - straight line, f/p - centaur skeleton
Aim: a centaur skeleton (lightly damaged, 98% to hit)
You throw a boomerang.
The boomerang hits the centaur skeleton but does no damage.
The centaur skeleton is lightly damaged.
A red film seems to cover your vision as you go berserk!
You feel yourself moving faster!
You feel mighty! The adder bites you.
You slash the adder!
The adder is severely wounded.
You closely miss the water moccasin skeleton.
The water moccasin skeleton closely misses you.
The adder barely misses you.
You barely miss the adder.
The adder is severely wounded.
You completely miss the water moccasin skeleton.
The water moccasin skeleton bites you. The adder bites you but does no damage.
You closely miss the adder.
The adder is severely wounded.
You slash the water moccasin skeleton! You barely miss the adder.
The adder is severely wounded.
You slash the water moccasin skeleton! The adder closely misses you.
The water moccasin skeleton bites you.
You slash the adder!
You kill the adder!
Trog accepts your kill.
You slash the water moccasin skeleton!
The water moccasin skeleton completely misses you.
You slash the water moccasin skeleton!
You destroy the water moccasin skeleton!
Trog accepts your kill.
You hit the centaur skeleton.
The centaur skeleton hits you but does no damage.
The centaur skeleton barely misses you.
You have reached level 8!
You feel agile.
Your demonic ancestry asserts itself...
Slimy green scales grow over part of your body.
Are you sure you want to abandon this character and quit the game? (Confirm with "yes".)

#..8..8..# #........# #####
#...(?...# #...# ..8..8..#
####.#.### ############# .......#
#....#.... ............# .....
#....#.... ##########.## ##Z'#
#.#######. #.####.@.# #....#....
#>.......# #.##.#.##. #.####...##
#.##.#.##. ##########.# #.....#
#.##...##. #....)).)).####...##
#.##......
#.#######)..####..######.##..####
#.# ##.....# ##........##..# #.#
#......# #.#########..# #.#
#...<..# #.# #..#


You could see a centaur skeleton.

Vanquished Creatures
  A necrophage (D:5)
  A black bear (D:4)
  2 ogres (D:5)
  A water moccasin zombie (D:5)
  2 water moccasin skeletons (D:5)
  A centaur zombie (D:5)
  2 orc priests
  A jelly (D:5)
  A gnoll shaman (D:5)
  4 orc wizards (D:5)
  A scorpion zombie (D:5)
  2 mummies (Ossuary)
  4 gnolls
  A howler monkey skeleton (D:5)
  5 adders
  An ufetubus (D:5)
  An adder skeleton (D:4)
  An adder zombie (D:5)
  A dart slug (D:1)
  A worm (D:2)
  16 orcs
  4 endoplasms
  4 giant cockroaches
  8 goblins
  4 hobgoblins
  7 ball pythons
  6 gnoll zombies (Ossuary)
  4 goblin zombies (Ossuary)
  3 hobgoblin zombies (Ossuary)
  4 kobolds
  An orc zombie (Ossuary)
  3 rats
98 creatures vanquished.

Vanquished Creatures (others)
  7 withered plants (D:5)
7 creatures vanquished.

Grand Total: 105 creatures vanquished

Notes
Turn   | Place    | Note
-------+----------+-------------------------------------------
     0 | D:1      | knot the Demonspawn Berserker began the quest for the Orb.
     0 | D:1      | Reached XP level 1. HP: 18/18 MP: 1/1
   183 | D:1      | Reached skill level 3 in Axes
   349 | D:1      | Gained mutation: You regenerate a little health from kills.
                  | [demonic ancestry]
   349 | D:1      | Reached XP level 2. HP: 24/24 MP: 2/2
   435 | D:1      | Found a faded altar of an unknown god.
   990 | D:2      | Reached XP level 3. HP: 24/29 MP: 3/3
  1382 | D:2      | Reached skill level 4 in Axes
  2479 | D:3      | Gained mutation: You regenerate magic rapidly. [demonic
                  | ancestry]
  2479 | D:3      | Reached XP level 4. HP: 21/35 MP: 4/4
  3138 | D:3      | Reached skill level 5 in Axes
  3632 | D:4      | Found a hazy altar of Hepliaklqana.
  3694 | D:4      | Found a sand-covered staircase.
  3703 | Ossuary  | Entered an ossuary
  3729 | Ossuary  | Gained mutation: You regenerate health from kills. [demonic
                  | ancestry]
  3729 | Ossuary  | Reached XP level 5. HP: 32/41 MP: 5/5
  3968 | Ossuary  | Reached ** piety under Trog
  4523 | D:4      | Noticed a black bear
  4531 | D:4      | Killed a black bear
  4532 | D:4      | Reached skill level 6 in Axes
  4780 | D:5      | Entered Level 5 of the Dungeon
  4780 | D:5      | Noticed a necrophage
  4787 | D:5      | Gained mutation: You have a pair of small antennae on your
                  | head. [demonic ancestry]
  4787 | D:5      | Reached XP level 6. HP: 39/47 MP: 6/6
  4796 | D:5      | Reached skill level 7 in Axes
  4995 | D:5      | Gained mutation: You have a pair of antennae on your head.
                  | [demonic ancestry]
  4995 | D:5      | Reached XP level 7. HP: 40/52 MP: 7/7
  5248 | D:5      | Reached skill level 8 in Axes
  5591 | D:5      | Found a staircase to the Ecumenical Temple.
  5652 | D:5      | Found a basalt altar of Yredelemnul.
  6041 | D:5      | Found an ancient bone altar of Kikubaaqudgha.
  6392 | D:5      | Gained mutation: You are partially covered in slimy green
                  | scales. (AC +2) [demonic ancestry]
  6392 | D:5      | Reached XP level 8. HP: 58/58 MP: 8/8
  6392 | D:5      | Quit the game

Illustrated notes

Levels and vault maps discovered:
D:1:      minmay_arrival_semitransparent, layout_rooms,
          hellmonk_ecumenical_altar_heavens_door, minmay_misc_feat_encased
D:2:      layout_rooms, kennysheep_generic_room_8
D:3:      layout_basic
D:4:      layout_basic, amcnicky_altar_gilded,
          lightli_ossuary_entry_decrepit_ruins
D:5:      layout_loops_ring, kennysheep_mini, kiku_gazebo_garden_becter,
          grunt_temple_overflow_holy_war, minmay_temple_entry_enclosed_plants,
          kennysheep_generic_room_5

Skill      XL: |  1  2  3  4  5  6  7 |
---------------+----------------------+-----
Axes           | 3 4 5 6 7 8 |  8.9
Fighting       | |  3.0
Armour         | |  1.7
Dodging        | |  1.7

Action                   |  1- 3 |  4- 6 |  7- 9 || total
-------------------------+-------+-------+-------++-------
Melee: Hand axe          |    90 |   119 |   109 ||   318
       Punch             |     2 |     1 |     3 ||     6
Throw: Dart              |     4 |     3 |    11 ||    18
       Boomerang         |       |       |     6 ||     6
       Stone             |       |       |     3 ||     3
Invok: Berserk           |     5 |     7 |     5 ||    17
  Use: Scroll            |       |     5 |       ||     5
Armor: Animal skin       |     7 |    12 |    27 ||    46
Dodge: Dodged            |    57 |    71 |    50 ||   178

Table legend: (Time is in decaauts)
 A = Elapsed time spent in this place.
 B = Non-inter-level travel time spent in this place.
 C = Inter-level travel time spent in this place.
 D = Time resting spent in this place.
 E = Time spent auto-exploring this place.
 F = Levels seen in this place.
 G = Mean time per level.
                   A        B        C        D        E       F      G
               +--------+--------+--------+--------+--------+-----+--------+
         Total |   6556 |   6479 |     77 |   2529 |   3216 |   6 | 1092.7 |
       Dungeon |   5901 |   5824 |     77 |   2023 |   3141 |   5 | 1180.2 |
       Ossuary |    655 |    655 |      0 |    506 |     75 |   1 |  655.0 |
               +--------+--------+--------+--------+--------+-----+--------+

Top non-repeatable levels by time:
     D:3: 1944 daAuts
     D:5: 1455 daAuts
     D:2: 1211 daAuts
     D:4: 761 daAuts
 Ossuary: 655 daAuts
     D:1: 529 daAuts
